 Dungeon Crawl Stone Soup version 0.31.0-9-g3a7656b989 (webtiles) character file.

Game seed: 13958900756673412754

4000 qw the Markself (level 10, -4/60 HPs)
             Began as a Deep Elf Hunter on Feb 2, 2024.
             Slain by a two-headed ogre
             ... wielding a +0 giant club
              (9 damage)
             ... on level 8 of the Dungeon.
             The game lasted 00:00:29 (5998 turns).

qw the Markself (Deep Elf Hunter)                   Turns: 5998, Time: 00:00:29

Health: -4/60      AC:  8    Str: 12    XL:     10   Next: 3%
Magic:  12/12      EV: 15    Int: 15    God:
Gold:   373        SH:  0    Dex: 24    Spells: 9/9 levels left

rFire   . . .        e - +2 orcbow (drain)
rCold   + . .        (shield currently unavailable)
rNeg    . . .        h - +0 ring mail
rPois   .            (no helmet)
rElec   .            (no cloak)
rCorr   .            (no gloves)
SInv    .            g - +2 pair of boots
Will    +....        d - amulet of faith
Stlth   ++           m - ring of protection from cold
HPRegen 0.30/turn    o - +6 ring of dexterity
MPRegen 0.13/turn

%: faith
@: no status effects
A: no striking features
a: no special abilities


You were on level 8 of the Dungeon.
You visited 2 branches of the dungeon, and saw 9 of its levels.

You collected 373 gold pieces.


   Skills:
 - Level 6.1 Fighting
 + Level 15.0 Ranged Weapons
 - Level 1.2 Armour
 - Level 7.2 Dodging
 - Level 1.2 Stealth


You had 9 spell levels left.
You didn't know any spells.
Your spell library was empty.

Inventory:

Hand Weapons
 e - a +2 orcbow of draining (weapon)
Armour
 g - a +2 pair of boots (worn)
 h - a +0 ring mail (worn)
 n - a +0 hat of willpower
Jewellery
 c - the amulet of Itzysur {Acrobat Will+ Regen+ SInv}
   (You acquired it on level 1 of the Dungeon)

   [amulet of the acrobat]

   Acrobat:   It increases your evasion while moving and waiting.
   Will+:     It increases your willpower.
   SInv:      It lets you see invisible.
   Regen+:    It increases your rate of health regeneration.
 d - an amulet of faith (around neck)
 m - a ring of protection from cold (left hand)
 o - a +6 ring of dexterity (right hand)
 Y - a ring of positive energy
Wands
 f - a wand of iceblast (3)
Scrolls
 j - 5 scrolls of teleportation
Potions
 a - a potion of heal wounds
 b - 2 potions of might
 i - a potion of attraction {unknown}
 k - a potion of cancellation
 l - 4 potions of mutation {unknown}
 p - a potion of curing {unknown}

Dungeon Overview and Level Annotations

Branches:
Dungeon (8/15)             Temple (1/1) D:7
   Lair: D:8-11

Altars:
Cheibriados
Dithmenos
Elyvilon
Fedhas
Gozag
Hepliaklqana
Kikubaaqudgha
Makhleb
Nemelex Xobeh
Ru
Trog
Uskayaw
Vehumet
Xom
Yredelemnul
The Shining One

Shops:
D:3 (

Annotations:
D:3 1 runed translucent door, Crazy Yiuf, Robin
D:6 2 transporters


Message History

You hear a bellow! x2
You shoot an arrow. The arrow hits the two-headed ogre!
The two-headed ogre is lightly wounded.
You shoot an arrow. The arrow hits the two-headed ogre.
The two-headed ogre is lightly wounded.
You shoot an arrow.
The arrow barely misses the two-headed ogre.
You shoot an arrow.
The arrow barely misses the two-headed ogre.
You shoot an arrow. The arrow hits the two-headed ogre!
The two-headed ogre is moderately wounded.
Enter note:
Enter note:
Enter note:
Enter note:
5992 ||| RETREEEEATING.
The yak bellows!
You hear a shout!
The two-headed ogre misses you. x2
You hear a shout!
Enter note:
Enter note:
5993 ||| RETREEEEATING.
You shoot an arrow.
The arrow barely misses the two-headed ogre.
You shoot an arrow.
The arrow barely misses the two-headed ogre.
The two-headed ogre misses you.
The two-headed ogre hits you with a +0 giant club.
You shoot an arrow. The arrow hits the two-headed ogre.
The two-headed ogre is heavily wounded.
You shoot an arrow.
The arrow barely misses the two-headed ogre.
The two-headed ogre closely misses you.
The two-headed ogre hits you with a +0 giant club!!
You shoot an arrow.
The arrow closely misses the two-headed ogre.
The two-headed ogre hits you with a +0 giant club!!
Ouch! That really hurt!
The two-headed ogre hits you with a +0 giant club!
You die...

##.#....###.....###
#.######..................
#.........########.....###
..........# #.....#
#######...# #.#######
###.# #...(.... #.#
######### #.## #@.# .#
##O##...## #......Y.
####..... ##..


You could see a two-headed ogre.

Vanquished Creatures
  Gastronok (D:8)
  Pikel (D:5)
  Jeremiah (D:7)
  A wraith (D:7)
  A wyvern (D:8)
  A steam dragon (D:7)
  An ice beast (D:6)
  2 ogres
  An orc warrior (D:7)
  4 lemures (D:5)
  Blork the orc (D:5)
  A kobold brigand (D:8)
  7 bullfrogs
  A gnoll sergeant (D:6)
  A scorpion (D:6)
  2 howler monkeys
  2 hounds
  4 orc priests
  2 bombardier beetles (D:5)
  Natasha (twice) (D:2)
  4 iguanas
  6 orc wizards
  4 gnolls (D:6)
  2 adders
  3 white imps
  2 ufetubi (D:7)
  2 dart slugs
  A ribbon worm (D:2)
  20 orcs
  6 endoplasms
  5 giant cockroaches
  4 goblins
  5 hobgoblins
  3 jackals (D:4)
  6 quokkas
  6 ball pythons
  6 bats
  3 frilled lizards
  6 kobolds
  8 rats
139 creatures vanquished.

Notes
Turn   | Place    | Note
-------+----------+-------------------------------------------
     0 | D:1      | qw the Deep Elf Hunter began the quest for the Orb.
     0 | D:1      | Reached XP level 1. HP: 12/12 MP: 3/3
     0 | D:1      | 0 ||| qw: Version: 0.3-a-155-g5e7d8dd
     0 | D:1      | 0 ||| qw: Game counter: 19
     0 | D:1      | 0 ||| qw: Melee chars always use a shield: true
     0 | D:1      | 0 ||| qw: God list: Okawaru
     0 | D:1      | 0 ||| qw: Allow faded altars: false
     0 | D:1      | 0 ||| qw: Do Orc after clearing Dungeon:15 true
     0 | D:1      | 0 ||| qw: Do second Lair branch before Depths: true
     0 | D:1      | 0 ||| qw: Lair rune preference: random
     0 | D:1      | 0 ||| qw: Goals: Normal
     0 | D:1      | 0 ||| PLANNING D:1-11
     2 | D:1      | Noticed an armataur
     2 | D:1      | Noticed an oni
     4 | D:1      | Noticed a ghoul
     6 | D:1      | Noticed a demonspawn
     6 | D:1      | Noticed a gargoyle
     8 | D:1      | Noticed an elf
     8 | D:1      | Noticed a spriggan
    10 | D:1      | Noticed a demigod
    12 | D:1      | Noticed a vine stalker
    12 | D:1      | Noticed a barachi
    14 | D:1      | Noticed a naga
    14 | D:1      | Noticed a human
    16 | D:1      | Noticed a tengu
    16 | D:1      | Noticed a djinni
    20 | D:1      | Noticed a draconian
    20 | D:1      | Noticed a minotaur
    22 | D:1      | Noticed a merfolk
    22 | D:1      | Noticed a vampire
    24 | D:1      | Noticed a felid
    24 | D:1      | Noticed a formicid
    26 | D:1      | Noticed a troll
    26 | D:1      | Noticed an octopode
    93 | D:1      | Reached XP level 2. HP: 16/16 MP: 4/4
   125 | D:1      | Reached skill level 6 in Ranged Weapons
   837 | D:1      | 837 ||| UPGRADING to +0 pair of boots.
   842 | D:1      | 842 ||| UPGRADING to +0 ring mail.
   852 | D:1      | 852 ||| DROPPING +0 leather armour.
   853 | D:1      | 853 ||| UPGRADING to ring of positive energy.
   854 | D:1      | 854 ||| READING scroll labelled HUIF ZY YPIO.
   854 | D:1      | Identified a scroll of acquirement
   854 | D:1      | 854 ||| ACQUIRING amulet of Itzysur {Acrobat Will+ Regen+
                  | SInv}
   854 | D:1      | Acquired the amulet of Itzysur {Acrobat Will+ Regen+ SInv}
   856 | D:1      | 856 ||| UPGRADING to amulet of Itzysur {Acrobat Will+
                  | Regen+ SInv}.
   861 | D:1      | 861 ||| READING 6 scrolls labelled VASINE CEITH.
   862 | D:1      | 862 ||| READING 2 scrolls labelled ROGOFR JOSUI.
   867 | D:1      | 867 ||| DROPPING scroll of butterflies.
   868 | D:1      | 868 ||| DROPPING 5 scrolls of revelation.
   941 | D:2      | Reached XP level 3. HP: 20/20 MP: 5/5
  1022 | D:2      | 1022 ||| SWAPPING to +0 orcbow.
  1023 | D:2      | 1023 ||| DROPPING +0 shortbow.
  1034 | D:2      | Reached skill level 7 in Ranged Weapons
  1143 | D:2      | Noticed Natasha
  1155 | D:2      | Killed Natasha
  1156 | D:2      | Reached XP level 4. HP: 15/25 MP: 6/6
  1189 | D:2      | Found a faded altar of an unknown god.
  1426 | D:2      | 1426 ||| READING scroll labelled WYSMU DOAXKIF.
  1427 | D:2      | 1427 ||| READING scroll labelled UBENYS GALIRAI.
  1427 | D:2      | 1427 ||| ENCHANTING +0 orcbow.
  1428 | D:2      | 1428 ||| READING 3 scrolls labelled OCLUAD IKH.
  1428 | D:2      | 1428 ||| IDENTIFYING bubbling yellow potion
  1429 | D:2      | 1429 ||| READING 2 scrolls of identify.
  1429 | D:2      | 1429 ||| IDENTIFYING 2 lumpy white potions
  1430 | D:2      | 1430 ||| READING scroll of identify.
  1430 | D:2      | 1430 ||| IDENTIFYING scroll labelled FAELEE OMEG
  1431 | D:2      | 1431 ||| READING scroll of brand weapon.
  1431 | D:2      | 1431 ||| BRANDING +1 orcbow.
  1432 | D:2      | 1432 ||| READING scroll labelled GEIMOZ JOENKAS.
  1433 | D:2      | 1433 ||| DROPPING potion of ambrosia.
  1452 | D:2      | Noticed Natasha
  1455 | D:2      | Killed Natasha
  1462 | D:3      | Reached skill level 8 in Ranged Weapons
  1735 | D:3      | Found a runed translucent door.
  1736 | D:3      | Noticed Crazy Yiuf
  1738 | D:3      | Noticed Robin
  1803 | D:3      | Reached XP level 5. HP: 20/29 MP: 7/7
  1828 | D:3      | Reached skill level 9 in Ranged Weapons
  1964 | D:3      | Found a bloodstained altar of Trog.
  1964 | D:3      | Found a white marble altar of Elyvilon.
  1988 | D:3      | Found Erihumio's Antique Weapon Shop.
  2291 | D:3      | 2291 ||| READING scroll labelled CEORAE PAHURAO.
  2303 | D:3      | 2303 ||| READING scroll labelled BOANAMMABA.
  2303 | D:3      | 2303 ||| ENCHANTING +0 pair of boots.
  2468 | D:4      | Reached XP level 6. HP: 35/35 MP: 8/8
  2535 | D:4      | 2535 ||| READING scroll of enchant weapon.
  2535 | D:4      | 2535 ||| ENCHANTING +1 orcbow of draining.
  2921 | D:4      | 2921 ||| READING scroll of identify.
  2921 | D:4      | 2921 ||| IDENTIFYING silvery potion
  2922 | D:4      | 2922 ||| READING scroll labelled RUYLOM TOYMEN.
  2960 | D:5      | Entered Level 5 of the Dungeon
  2970 | D:5      | Noticed Pikel
  2971 | D:5      | 2971 ||| RETREEEEATING.
  3024 | D:5      | 3024 ||| RETREEEEATING.
  3025 | D:5      | 3025 ||| RETREEEEATING.
  3032 | D:5      | Killed Pikel
  3033 | D:5      | Reached skill level 11 in Ranged Weapons
  3033 | D:5      | Reached XP level 7. HP: 38/40 MP: 9/9
  3076 | D:5      | Reached skill level 3 in Dodging
  3114 | D:5      | Reached skill level 1 in Armour
  3128 | D:5      | Found a snail-covered altar of Cheibriados.
  3128 | D:5      | Noticed a torpor snail
  3128 | D:5      | Noticed a torpor snail
  3131 | D:5      | Noticed a torpor snail
  3139 | D:5      | 3139 ||| READING scroll of identify.
  3139 | D:5      | 3139 ||| IDENTIFYING red potion
  3150 | D:5      | Reached skill level 12 in Ranged Weapons
  3308 | D:5      | Noticed Blork the orc
  3311 | D:5      | 3311 ||| ZAPPING wand of iceblast (10) at 4,1 (floor).
  3312 | D:5      | 3312 ||| ZAPPING wand of iceblast (9) at 4,1 (Blork the
                  | orc; floor).
  3312 | D:5      | Killed Blork the orc
  3313 | D:5      | Reached skill level 3 in Fighting
  3313 | D:5      | Reached XP level 8. HP: 46/46 MP: 10/10
  3380 | D:5      | Found an ancient bone altar of Kikubaaqudgha.
  3525 | D:5      | 3525 ||| UPGRADING to amulet of faith.
  3535 | D:5      | 3535 ||| UPGRADING to +6 ring of dexterity.
  3536 | D:5      | 3536 ||| READING scroll of identify.
  3536 | D:5      | 3536 ||| IDENTIFYING dark potion
  3537 | D:5      | 3537 ||| READING scroll labelled CAFAUZ WEAJA.
  3538 | D:5      | 3538 ||| DROPPING potion of degeneration.
  3735 | D:6      | Found a transporter.
  3749 | D:6      | 3749 ||| FLEEEEING.
  3750 | D:6      | 3750 ||| FLEEEEING.
  3788 | D:6      | Noticed a kobold demonologist
  3816 | D:6      | Found a sparkling altar of Nemelex Xobeh.
  3964 | D:6      | Found a transporter.
  4091 | D:6      | Reached skill level 13 in Ranged Weapons
  4398 | D:6      | 4398 ||| UPGRADING to ring of protection from cold.
  4400 | D:6      | 4400 ||| READING scroll labelled CYJIF TETIKU.
  4542 | D:7      | 4542 ||| Stepping ~*~*~tactically~*~*~ (cloud).
  4544 | D:7      | 4544 ||| FLEEEEING.
  4545 | D:7      | 4545 ||| FLEEEEING.
  4546 | D:7      | 4546 ||| FLEEEEING.
  4547 | D:7      | 4547 ||| FLEEEEING.
  4550 | D:7      | 4550 ||| Stepping ~*~*~tactically~*~*~ (cloud).
  4614 | D:7      | 4614 ||| FLEEEEING.
  4619 | D:7      | 4619 ||| FLEEEEING.
  4620 | D:7      | 4620 ||| STAIRDANCE
  4641 | D:6      | 4641 ||| DROPPING +6 ring of intelligence.
  4699 | D:7      | Reached skill level 14 in Ranged Weapons
  4711 | D:7      | Reached XP level 9. HP: 34/50 MP: 11/11
  4787 | D:7      | Reached skill level 6 in Dodging
  4848 | D:7      | Found a staircase to the Ecumenical Temple.
  4849 | D:7      | 4849 ||| PLANNING TEMPLE
  4853 | D:7      | Noticed Jeremiah
  4865 | D:7      | 4865 ||| ZAPPING wand of iceblast (8) at -4,1 (Jeremiah;
                  | floor).
  4866 | D:7      | 4866 ||| ZAPPING wand of iceblast (7) at -3,0 (Jeremiah;
                  | floor).
  4876 | D:7      | 4876 ||| ZAPPING wand of iceblast (6) at -2,-1 (Jeremiah;
                  | floor).
  4877 | D:7      | 4877 ||| FLEEEEING.
  4878 | D:7      | 4878 ||| FLEEEEING.
  4879 | D:7      | 4879 ||| FLEEEEING.
  4880 | D:7      | 4880 ||| FLEEEEING.
  4881 | D:7      | 4881 ||| FLEEEEING.
  4883 | D:7      | 4883 ||| FLEEEEING.
  4891 | D:7      | 4891 ||| ZAPPING wand of iceblast (5) at 1,3 (Jeremiah;
                  | floor).
  4892 | D:7      | 4892 ||| ZAPPING wand of iceblast (4) at 1,3 (Jeremiah;
                  | floor).
  4892 | D:7      | Killed Jeremiah
  4977 | Temple   | Entered the Ecumenical Temple
  4978 | Temple   | 4978 ||| PLANNING D:1-11
  5186 | D:7      | Reached skill level 15 in Ranged Weapons
  5592 | D:8      | Noticed Gastronok
  5605 | D:8      | Killed Gastronok
  5606 | D:8      | Reached skill level 6 in Fighting
  5737 | D:8      | Noticed a two-headed ogre
  5739 | D:8      | HP: 13/55 [two-headed ogre/+0 giant club (25)]
  5740 | D:8      | 5740 ||| READING 7 scrolls of teleportation.
  5741 | D:8      | 5741 ||| DRINKING 3 potions of heal wounds.
  5746 | D:8      | 5746 ||| RETREEEEATING.
  5746 | D:8      | HP: 11/55 [water moccasin (4)]
  5747 | D:8      | 5747 ||| READING 6 scrolls of teleportation.
  5748 | D:8      | 5748 ||| DRINKING 2 potions of heal wounds.
  5749 | D:8      | 5749 ||| RETREEEEATING.
  5750 | D:8      | 5750 ||| RETREEEEATING.
  5888 | D:8      | 5888 ||| READING scroll of enchant armour.
  5888 | D:8      | 5888 ||| ENCHANTING +1 pair of boots.
  5931 | D:8      | Reached XP level 10. HP: 60/60 MP: 12/12
  5992 | D:8      | 5992 ||| RETREEEEATING.
  5993 | D:8      | 5993 ||| RETREEEEATING.
  5998 | D:8      | HP: 5/60 [two-headed ogre/+0 giant club (32)]
  5998 | D:8      | Slain by a two-headed ogre

Levels and vault maps discovered:
D:1:      kb_arrival_jail, layout_basic
D:2:      layout_basic, shapermc_ecumenical_altar_mp_urbaneastern, uniq_natasha
D:3:      layout_loops_ring, gammafunk_temple_overflow_pools, serial_shops,
          shop, nicolae_elevator_lobby_plus, uniq_crazy_yiuf_cottage, uniq_robin
D:4:      layout_basic
D:5:      layout_rooms, old_standard_altar, cheibriados_altar_2,
          serial_library_hellmonk_hallway_b, uniq_blork_the_orc, uniq_pikel
D:6:      gammafunk_wand_slinger, layout_loops_ring,
          mainiacjoe_overflow_boulevard
D:7:      layout_basic, minmay_temple_entry_grid, uniq_jeremiah
D:8:      layout_basic, minmay_crossroads, uniq_gastronok, uniq_psyche
Temple:   chequers_temple_sunken

Skill      XL: |  1  2  3  4  5  6  7  8  9 |
---------------+----------------------------+-----
Ranged Weapons | 6 7 8 9 11 12 14 15 | 15.0
Fighting       | 2 3 6 |  6.1
Dodging        | 3 5 7 |  7.2
Armour         | 1 |  1.2
Stealth        | |  1.2

Action                     |  1- 3 |  4- 6 |  7- 9 | 10-12 || total
---------------------------+-------+-------+-------+-------++-------
   Fire: Shortbow          |    82 |       |       |       ||    82
         Orcbow            |    30 |   113 |   196 |    11 ||   350
  Evoke: Wand              |       |       |     7 |       ||     7
    Use: Scroll            |     3 |    12 |     7 |       ||    22
         Potion            |       |       |     2 |       ||     2
 Armour: Leather armour    |    10 |       |       |       ||    10
         Ring mail         |    12 |    42 |    50 |     4 ||   108
  Dodge: Dodged            |    29 |    22 |    44 |     4 ||    99

Table legend:
 A = Non-vault XP
 B = Vault XP
 C = Vault XP percentage of total XP
 D = Non-vault monster count
 E = Vault monster count
 F = Vault count percentage of total count
                 A         B        C        D         E       F
            +---------+---------+-------+---------+---------+-------
      Total |    3133 |    2582 |  45.2 |     130 |       5 |   3.7
            +---------+---------+-------+---------+---------+-------
        D:1 |      36 |       0 |   0.0 |      23 |       0 |   0.0
        D:2 |      76 |      36 |  32.1 |      16 |       1 |   5.9
        D:3 |     182 |       0 |   0.0 |      23 |       0 |   0.0
        D:4 |      62 |       0 |   0.0 |      13 |       0 |   0.0
        D:5 |     418 |     707 |  62.8 |      12 |       2 |  14.3
        D:6 |     805 |       0 |   0.0 |      15 |       0 |   0.0
        D:7 |    1152 |     358 |  23.7 |      18 |       1 |   5.3
        D:8 |     402 |    1481 |  78.7 |      10 |       1 |   9.1
            +---------+---------+-------+---------+---------+-------
